 Dungeon Crawl Stone Soup version 0.29.1 (webtiles) character file.

Game seed: 15007612468632502349

3033 Icepheonix32 the Fighter (level 9, 0/83 HPs)
             Began as a Minotaur Fighter on Sept 13, 2022.
             Was a Follower of Makhleb.
             Slain by a boulder beetle (11 damage)
             ... on level 7 of the Dungeon.
             The game lasted 00:10:34 (6175 turns).

Icepheonix32 the Fighter (Minotaur Fighter)         Turns: 6175, Time: 00:10:34

Health: 0/83       AC: 16    Str: 25    XL:     9   Next: 56%
Magic:  8/8        EV: 11    Int:  5    God:    Makhleb [*.....]
Gold:   179        SH:  5    Dex: 10    Spells: 8/8 levels left

rFire   . . .      SeeInvis .   i - +3 short sword
rCold   . . .      Faith    .   c - +0 buckler
rNeg    . . .      Spirit   .   C - +3 scale mail
rPois   .          Reflect  .   (helmet restricted)
rElec   .          Harm     .   F - +0 cloak
rCorr   .          Rampage  .   (no gloves)
Will    .....                   s - +2 pair of boots
Stlth   ..........              l - amulet of regeneration
HPRegen 1.03/turn               (no ring)
MPRegen 0.11/turn               (no ring)

@: mighty
A: horns 2, retaliatory headbutt
a: Renounce Religion


You were on level 7 of the Dungeon.
You worshipped Makhleb.
Makhleb was aware of your devotion.
You visited 2 branches of the dungeon, and saw 8 of its levels.
You also visited: Ossuary.

You collected 347 gold pieces.
You spent 168 gold pieces at shops.

Inventory:

Hand Weapons
 a - a +3 quarterstaff of chaos
 i - a +3 short sword (weapon)
 v - a +1 short sword of draining
 x - a +0 vorpal falchion
 H - a +0 hammer
Armour
 c - a +0 buckler (worn)
 s - a +2 pair of boots (worn)
 C - a +3 scale mail (worn)
 F - a +0 cloak (worn)
Magical Staves
 k - a staff of conjuration
Jewellery
 l - an amulet of regeneration (around neck)
Wands
 b - a wand of flame (20)
 J - a wand of roots (6)
 K - a wand of charming (8)
Scrolls
 e - a scroll of summoning
 f - a scroll of amnesia
 j - 3 scrolls of enchant weapon
 o - 3 scrolls of magic mapping
 p - a scroll of silence
 u - 2 scrolls of vulnerability
 y - a scroll of butterflies
 z - 2 scrolls of noise
 D - 2 scrolls of enchant armour
 G - a scroll of blinking
Potions
 g - 4 potions of haste {unknown}
 h - a potion of mutation
 m - 2 potions of magic {unknown}
 n - 3 potions of lignification {unknown}
 q - 5 potions of curing
 t - 2 potions of resistance {unknown}
 w - 3 potions of brilliance {unknown}
 A - a potion of degeneration
 B - 2 potions of invisibility
 E - a potion of ambrosia {unknown}
 I - a potion of flight {unknown}


   Skills:
 * Level 9.0 Fighting
 + Level 5.8(6.7) Short Blades
 + Level 5.5(6.9) Long Blades
 + Level 8.4 Armour
 + Level 4.5 Dodging
 + Level 0.4 Stealth
 + Level 6.8 Shields


You had 8 spell levels left.
You didn't know any spells.
Your spell library contained the following spells:

 Spells                   Type           Power      Damage    Failure   Level
 Foxfire                  Conj/Fire      0%         2x1d4     82%         1
 Magic Dart               Conj           0%         1d3       82%         1
 Sandblast                Erth           0%         2d4       82%         1
 Call Imp                 Summ           0%         N/A       91%         2
 Passwall                 Tmut/Erth      0%         N/A       91%         2
 Conjure Flame            Conj/Fire      0%         6-21      99%         3
 Inner Flame              Hex/Fire       0%         N/A       99%         3
 Mephitic Cloud           Conj/Pois/Air  0%         N/A       99%         3
 Stone Arrow              Conj/Erth      0%         3d7       99%         3
 Summon Guardian Golem    Hex/Summ       0%         N/A       99%         3
 Flame Wave               Conj/Fire      0%         2d4       100%        4
 Orb of Destruction       Conj           0%         9d5       100%        7
 Spellforged Servitor     Conj/Summ      0%         N/A       100%        7


Dungeon Overview and Level Annotations

Branches:
Dungeon (7/15)             Temple (1/1) D:5         Ossuary (visited)

Altars:
Ashenzari
Cheibriados
Dithmenos
Elyvilon
Fedhas
Gozag
Hepliaklqana
Kikubaaqudgha
Makhleb
Nemelex Xobeh
Okawaru
Qazlal
Ru
Uskayaw
Vehumet
Wu Jian
Xom
Yredelemnul
Zin
The Shining One

Shops:
D:4 (


Innate Abilities, Weirdness & Mutations

You have a pair of horns on your head.
You reflexively headbutt those who attack you in melee.


Message History

Your Fighting skill increases to level 9!
Aiming: Fastroot
Press: ? - help, Shift-Dir - straight line, f/p - boulder beetle
Aim: a boulder beetle (almost dead)
Okay, then.
You block the boulder beetle's attack.
You are too injured to fight recklessly!
You are too injured to fight recklessly!
You are too injured to fight recklessly!
You are too injured to fight recklessly!
You hit the boulder beetle but do no damage.
The boulder beetle is almost dead.
You hit the boulder beetle but do no damage.
The boulder beetle is almost dead.
The boulder beetle barely misses you.
You hit the boulder beetle but do no damage.
The boulder beetle is almost dead.
The boulder beetle leaps!
The boulder beetle leaps!
The boulder beetle curls into a ball and begins rolling!
The boulder beetle hits you!
The boulder beetle stops rolling and uncurls.
You hit the boulder beetle but do no damage.
The boulder beetle is almost dead.
The boulder beetle closely misses you.
You hit the boulder beetle but do no damage.
The boulder beetle is almost dead.
The boulder beetle bites you!!
* * * LOW HITPOINT WARNING * * *
You hit the boulder beetle but do no damage.
The boulder beetle is almost dead.
The boulder beetle bites you!
* * * LOW HITPOINT WARNING * * *
You hit the boulder beetle but do no damage.
You headbutt the boulder beetle, but do no damage.
The boulder beetle is almost dead.
You hit the boulder beetle but do no damage.
The boulder beetle is almost dead.
The boulder beetle bites you!
You die...

#.# #)# ##.# #.##
#..# #..##
...###########...####
....)...............+
...#########.#....###
..## #....#.# ###
##..###B# # #.....@.#
# #...##..## #
#........# #
#.#.#.....# #
#.#.......#
#.##......#
#.##.#....#
#.##.#..... #(. ..
##.


You could see a boulder beetle.

Vanquished Creatures
  Pikel (D:6)
  Grinder (D:5)
  Prince Ribbit (D:5)
  Duvessa (D:5)
  2 water moccasins
  A sky beast (D:6)
  An orc warrior (D:6)
  3 black bears
  A lemure (D:6)
  2 water moccasin zombies (Ossuary)
  2 scorpions
  Dowan (D:5)
  4 wights
  3 jellies
  5 centaur zombies (Ossuary)
  A gnoll bouda (D:7)
  3 orc priests
  3 hounds
  Crazy Yiuf (D:6)
  A human zombie (Ossuary)
  A scorpion zombie (Ossuary)
  Terence (D:3)
  An iguana (D:5)
  An orc wizard (D:5)
  4 gnolls
  9 adders
  A shadow imp (D:6)
  2 white imps
  4 adder zombies (Ossuary)
  2 worms
  2 dart slugs
  19 orcs
  8 ball pythons
  6 bats
  4 endoplasms
  4 giant cockroaches
  6 gnoll zombies (Ossuary)
  10 goblins
  9 hobgoblins
  4 jackals (D:4)
  4 quokkas
  2 frilled lizards
  2 goblin zombies (Ossuary)
  2 hobgoblin zombies (Ossuary)
  6 kobolds
  5 orc zombies (Ossuary)
  2 rats
159 creatures vanquished.

Vanquished Creatures (others)
  A plant (D:5)
1 creature vanquished.

Grand Total: 160 creatures vanquished

Notes
Turn   | Place    | Note
-------+----------+-------------------------------------------
     0 | D:1      | Icepheonix32 the Minotaur Fighter began the quest for the
                  | Orb.
     0 | D:1      | Reached XP level 1. HP: 19/19 MP: 0/0
    29 | D:1      | Found a faded altar of an unknown god.
   199 | D:1      | Reached skill level 4 in Fighting
   199 | D:1      | Reached XP level 2. HP: 27/27 MP: 1/1
   569 | D:1      | Reached skill level 1 in Dodging
  1067 | D:2      | Reached XP level 3. HP: 33/33 MP: 2/2
  1916 | D:2      | Reached XP level 4. HP: 40/40 MP: 3/3
  2353 | D:3      | Noticed Terence
  2365 | D:3      | Killed Terence
  2579 | D:3      | Reached XP level 5. HP: 39/47 MP: 4/4
  3171 | D:4      | Found Haixas Icime's Antique Weapon Boutique.
  3185 | D:4      | Reached skill level 5 in Long Blades
  3207 | D:4      | Bought a glowing falchion for 168 gold pieces
  3333 | D:4      | Reached XP level 6. HP: 54/55 MP: 5/5
  3564 | D:5      | Entered Level 5 of the Dungeon
  3574 | D:5      | Reached skill level 5 in Fighting
  3574 | D:5      | Reached skill level 1 in Short Blades
  3633 | D:5      | Noticed Dowan
  3634 | D:5      | Noticed Duvessa
  3649 | D:5      | Killed Duvessa
  3650 | D:5      | Reached skill level 5 in Armour
  3655 | D:5      | Found a staircase to the Ecumenical Temple.
  3665 | D:5      | Killed Dowan
  3666 | D:5      | Reached XP level 7. HP: 36/61 MP: 6/6
  3674 | D:5      | Found a sand-covered staircase.
  3701 | Ossuary  | Entered an ossuary
  3915 | Ossuary  | Reached skill level 6 in Fighting
  3937 | Ossuary  | Reached skill level 5 in Shields
  3959 | Ossuary  | Noticed a silent spectre
  4048 | Temple   | Entered the Ecumenical Temple
  4249 | Temple   | Became a worshipper of Makhleb the Destroyer
  4298 | D:5      | Reached XP level 8. HP: 68/70 MP: 7/7
  4444 | D:5      | Noticed Grinder
  4454 | D:5      | Paralysed by Grinder for 2 turns
  4475 | D:5      | Killed Grinder
  4931 | D:5      | Noticed Prince Ribbit
  4942 | D:5      | Killed Prince Ribbit
  4943 | D:5      | Reached skill level 7 in Fighting
  5281 | D:6      | Noticed Pikel
  5325 | D:6      | Killed Pikel
  5326 | D:6      | Reached skill level 8 in Fighting
  5326 | D:6      | Reached skill level 5 in Short Blades
  5326 | D:6      | Reached XP level 9. HP: 20/81 MP: 8/8
  5438 | D:6      | Reached * piety under Makhleb
  5830 | D:6      | Found a runed translucent door.
  5831 | D:6      | Noticed Crazy Yiuf
  5882 | D:6      | Killed Crazy Yiuf
  6092 | D:7      | Noticed a boulder beetle
  6144 | D:7      | HP: 4/82 [boulder beetle (11)]
  6164 | D:7      | Reached skill level 9 in Fighting
  6175 | D:7      | Slain by a boulder beetle

Illustrated notes

Levels and vault maps discovered:
D:1:      lemuel_arrival_funnel, layout_loops_ring,
          ebering_ecumenical_altar_ruins, grunt_decor_arrowhead
D:2:      minmay_chambers_of_ones, layout_basic, serial_curves, eino_curves_03,
          eino_curves_03, kennysheep_generic_room_11
D:3:      layout_basic, uniq_terence
D:4:      layout_cave_pools, serial_shops, nicolae_shop_crystal
D:5:      layout_basic, minmay_temple_entry_gardened_gates,
          nicolae_ossuary_entry_monument, hangedman_abyss_or_decor_stabs,
          uniq_duvessa, uniq_prince_ribbit1, uniq_grinder
D:6:      hellmonk_ruined_rings, layout_gridville, uniq_crazy_yiuf_cottage,
          uniq_pikel
D:7:      layout_loops_corners, mainiacjoe_overflow_catwalk, serial_shops,
          shop_statue, grunt_ministairs_12
Temple:   nicolae_temple_bog_church

Skill      XL: |  1  2  3  4  5  6  7  8  9 |
---------------+----------------------------+-----
Fighting       | 4 5 6 8 9 |  9.0
Long Blades    | 3 4 5 |  5.5
Dodging        | 1 2 4 |  4.5
Shields        | 4 5 6 |  6.8
Armour         | 4 5 6 8 |  8.4
Short Blades   | 1 3 5 |  5.8
Stealth        | |  0.4

Action                   |  1- 3 |  4- 6 |  7- 9 || total
-------------------------+-------+-------+-------++-------
Melee: Long sword        |    87 |    74 |       ||   161
       Headbutt          |    12 |    29 |   114 ||   155
       Short sword       |       |    69 |   444 ||   513
Throw: Throwing net      |       |       |     4 ||     4
Evoke: Wand              |       |       |     2 ||     2
  Use: Scroll            |       |     5 |    12 ||    17
       Potion            |       |     1 |     2 ||     3
 Stab: Held in net/web   |       |       |     2 ||     2
Armor: Scale mail        |    42 |    60 |   253 ||   355
Dodge: Dodged            |    36 |    63 |   213 ||   312
Block: Buckler           |    23 |    30 |   117 ||   170
